 Dungeon Crawl Stone Soup version 0.23.0 (webtiles) character file.

Game seed: 8220944438330406643

120946 Monsterracer the Brawler (level 16, -7/161 HPs)
             Began as a Troll Abyssal Knight on Feb 10, 2019.
             Was the Champion of Lugonu.
             Mangled by a 12-headed hydra (15 damage)
             ... on level 1 of the Swamp.
             The game lasted 00:40:56 (25389 turns).

Monsterracer the Brawler (Troll Abyssal Knight)    Turns: 25389, Time: 00:40:57

Health: -7/161     AC: 12    Str: 35    XL:     16   Next: 31%
Magic:  16/24      EV: 17    Int:  8    God:    Lugonu [******]
Gold:   1838       SH: 13    Dex: 14    Spells: 15/15 levels left

rFire    + . .     SeeInvis .     - Unarmed
rCold    + . .     Gourm    +   n - +1 shield of the Engineer {-Cast Str+7 Stlth+}
rNeg     . . .     Faith    .   m - +2 robe {rC+ rF+}
rPois    +         Spirit   .   o - +1 hat of the Carpenter {Regen+ Str+4}
rElec    .         Reflect  .   f - +2 cloak {MR+}
rCorr    .         Harm     .   (gloves unavailable)
MR       +++..     NoCast   +   (boots unavailable)
Stlth    ++........             (no amulet)
HPRegen  1.16/turn              M - ring of protection from magic {!d}
MPRegen  0.19/turn              P - ring of poison resistance {!d}

@: no status effects
A: large, unfitting armour, claws 3, fast metabolism 3, gourmand, regeneration
1, shaggy fur 1, tough skin 3, subdued magic 1
a: Depart the Abyss, Bend Space, Banish, Corrupt, Enter the Abyss, Brand Weapon
With Distortion, Renounce Religion


You were on level 1 of the Swamp.
You worshipped Lugonu.
Lugonu was exalted by your worship.
You were not hungry.

You visited 4 branches of the dungeon, and saw 25 of its levels.
You visited the Abyss 1 time.

You collected 2639 gold pieces.
You spent 801 gold pieces at shops.

Inventory:

Missiles
 a - 17 large rocks (quivered)
 l - a throwing net {!f}
Armour
 f - a +2 cloak of magic resistance (worn)
 m - a +2 robe of resistance (worn)
 n - the +1 shield of the Engineer (worn) {-Cast Str+7 Stlth+}
   (You found it on level 7 of the Dungeon)

   It affects your strength (+7).
   It prevents spellcasting.
   It makes you more stealthy.
 o - the +1 hat of the Carpenter (worn) {Regen+ Str+4}
   (You found it on level 9 of the Dungeon)

   It affects your strength (+4).
   It increases your rate of regeneration.
 w - +0 fire dragon scales
Jewellery
 b - a +1 ring of slaying {unknown}
 d - an uncursed ring of flight
 e - an uncursed ring of resist corrosion
 i - a +3 ring of protection {unknown}
 k - a +4 amulet of reflection {unknown}
 p - a cursed ring of attention {unknown}
 r - an uncursed ring of see invisible {unknown}
 s - an uncursed amulet of harm {unknown}
 t - an uncursed ring of stealth {unknown}
 v - a +4 ring of slaying {unknown}
 x - a cursed -4 ring of evasion
 y - a +3 ring of protection {unknown}
 z - an uncursed ring of protection from fire {unknown}
 A - an uncursed ring of wizardry {unknown}
 C - an uncursed ring of protection from cold {!d}
 M - a ring of protection from magic (left claw) {!d}
 P - a ring of poison resistance (right claw) {!d}
Wands
 g - a wand of digging (1)
 h - a wand of iceblast (28)
 j - a wand of enslavement (7)
 q - a wand of flame (42)
 B - a wand of clouds (3)
Miscellaneous
 u - a lamp of fire
Comestibles
 c - 39 rations


   Skills:
 + Level 10.8 Fighting
 - Level 0.4 Throwing
 + Level 12.3 Dodging
 - Level 9.0 Shields
 * Level 16.6 Unarmed Combat
 - Level 13.0 Invocations


You had 15 spell levels left.
You didn't know any spells.
Your spell library contained the following spells:

 Spells                   Type           Power        Failure   Level  Hunger
 Animate Skeleton         Necr           N/A          36%         1    ##.....
 Apportation              Tloc           #.....       36%         1    ##.....
 Confusing Touch          Hex            #.....       36%         1    ##.....
 Corona                   Hex            #......      36%         1    ##.....
 Freeze                   Ice            #...         36%         1    ##.....
 Magic Dart               Conj           #...         36%         1    ##.....
 Sandblast                Erth           #.....       36%         1    ##.....
 Shock                    Conj/Air       #...         36%         1    ##.....
 Summon Small Mammal      Summ           #...         36%         1    ##.....
 Passwall                 Tmut/Erth      #.......     50%         2    ###....
 Searing Ray              Conj           #.....       50%         2    ###....
 Slow                     Hex            #.......     50%         2    ###....
 Swiftness                Chrm/Air       #.......     50%         2    ###....
 Throw Frost              Conj/Ice       #.....       50%         2    ###....
 Confuse                  Hex            #.......     75%         3    ####...
 Dazzling Spray           Conj/Hex       #.....       75%         3    ####...
 Gell's Gravitas          Tloc           #.........   75%         3    ####...
 Inner Flame              Hex/Fire       #.......     75%         3    ####...
 Ozocubu's Armour         Chrm/Ice       #.......     75%         3    ####...
 Portal Projectile        Hex/Tloc       #.....       75%         3    ####...
 Static Discharge         Conj/Air       #.......     75%         3    ####...
 Stone Arrow              Conj/Erth      #.....       75%         3    ####...
 Airstrike                Air            #.........   99%         4    #####..
 Cause Fear               Hex            #.........   99%         4    #####..
 Force Lance              Conj/Tloc      #.......     99%         4    #####..
 Fulminant Prism          Conj/Hex       #.........   99%         4    #####..
 Iskenderun's Mystic Bla  Conj           #.......     99%         4    #####..
 Leda's Liquefaction      Hex/Erth       #.........   99%         4    #####..
 Petrify                  Tmut/Erth      #.......     99%         4    #####..
 Summon Ice Beast         Ice/Summ       #.......     99%         4    #####..
 Throw Icicle             Conj/Ice       #.......     99%         4    #####..
 Lee's Rapid Deconstruct  Erth           #.........   100%        5    ######.
 Lightning Bolt           Conj/Air       #.........   100%        5    ######.
 Metabolic Englaciation   Hex/Ice        #.........   100%        5    ######.
 Yara's Violent Unravell  Hex/Tmut       #.........   100%        5    ######.


Dungeon Overview and Level Annotations

Branches:
Dungeon (15/15)            Temple (0/1) D:4            Lair (6/6) D:9
  Swamp (2/4) Lair:2       Spider (0/4) Lair:3        Slime (0/5) Lair:5
    Orc (2/2) D:11            Elf (0/3) Orc:2        Vaults (0/5) D:13
 Depths (0/5) D:15

Altars:
Ashenzari
Cheibriados
Dithmenos
Elyvilon
Fedhas
Kikubaaqudgha
Nemelex Xobeh
Okawaru
Ru
Vehumet
Zin
The Shining One
Beogh

Shops:
D:4 [   D:5 [   D:10 =   D:11 *   D:12 *   Orc:2 ?(:?

Annotations:
D:15 1 runed translucent door
Lair:5 exclusion: 4 oklob plants
Abyss:1 Sonja


Innate Abilities, Weirdness & Mutations

You are too large for most types of armour.
You have claws for hands.
Your metabolism is lightning-fast.
You like to eat raw meat.
Your natural rate of healing is unusually fast.
You are covered in fur. (AC +1)
You have extremely tough skin. (AC +3)
Your spells are a little easier to cast, but a little less powerful.


Message History

The briar patch is heavily damaged.
You mangle the thorn hunter!!
The thorn hunter is moderately damaged.
You block the thorn hunter's attack. The thorn hunter hits you!
You take 11 damage, and have 118/161 hp.
You closely miss the thorn hunter.
The thorn hunter is moderately damaged.
The thorn hunter misses you. The thorn hunter barely misses you.
You barely miss the thorn hunter.
The thorn hunter is moderately damaged.
The thorn hunter hits you. You block the thorn hunter's attack.
You take 5 damage, and have 114/161 hp.
You claw the thorn hunter!
The thorn hunter is moderately damaged.
The thorn hunter hits you.
The thorn hunter hits you but does no damage.
You take 2 damage, and have 112/161 hp.
You eviscerate the thorn hunter!!!
The thorn hunter is severely damaged.
You hear a roar!
You mangle the thorn hunter!!
The thorn hunter is almost destroyed.
The thorn hunter fires a volley of thorns at you.
The volley of thorns hits you!
You take 15 damage, and have 98/161 hp.
You barely miss the thorn hunter.
The thorn hunter is almost destroyed.
The briar patch crumbles away.
You block the thorn hunter's attack. The thorn hunter hits you.
You take 5 damage, and have 93/161 hp.
You scratch the thorn hunter but do no damage.
The thorn hunter is almost destroyed.
The briar patch crumbles away.
The thorn hunter gestures.
Thorny briars emerge from the ground!
You eviscerate the thorn hunter!!!
You destroy the thorn hunter!
Lugonu accepts your kill.
The briar patch crumbles away.
The briar patch crumbles away. x2
You regained 2 hp, and now have 97/161 hp.
You rip one of the ten-headed hydra's heads off!
The nine-headed hydra grows two more!
You eviscerate the 11-headed hydra!!!
The 11-headed hydra is heavily wounded.
You block the 11-headed hydra's attack.
The 11-headed hydra bites you but does no damage.
You block the 11-headed hydra's attack. The 11-headed hydra barely misses you.
The 11-headed hydra closely misses you.
You block the 11-headed hydra's attack. x2
The 11-headed hydra bites you but does no damage.
You block the 11-headed hydra's attack. The 11-headed hydra closely misses you.
The 11-headed hydra bites you!
You take 9 damage, and have 88/161 hp.
You claw one of the 11-headed hydra's heads off!
The ten-headed hydra grows two more!
You claw the 12-headed hydra!
The 12-headed hydra is heavily wounded.
The briar patch crumbles away.
You barely miss the 12-headed hydra.
The 12-headed hydra is heavily wounded.
The briar patch crumbles away. x2; You block the 12-headed hydra's attack.
The 12-headed hydra bites you but does no damage.
The 12-headed hydra barely misses you. You block the 12-headed hydra's attack.
The 12-headed hydra misses you. The 12-headed hydra bites you!
* * * LOW HITPOINT WARNING * * *
You block the 12-headed hydra's attack. The 12-headed hydra bites you!
* * * LOW HITPOINT WARNING * * *
The 12-headed hydra bites you.
* * * LOW HITPOINT WARNING * * *
You block the 12-headed hydra's attack. The 12-headed hydra barely misses you.
The 12-headed hydra misses you.
You take 32 damage, and have 57/161 hp.
Unknown command.
Unknown command.
Press: ? - help, Shift-Dir - straight line, f - 12-headed hydra
Aim: a 12-headed hydra (heavily wounded, chance to defeat MR: 61%)
The 12-headed hydra resists with significant effort.
You feel somewhat more hungry.
The briar patch crumbles away.
The 12-headed hydra bites you!
* * * LOW HITPOINT WARNING * * *
You block the 12-headed hydra's attack.
The 12-headed hydra bites you but does no damage.
The 12-headed hydra completely misses you.
The 12-headed hydra bites you!
* * * LOW HITPOINT WARNING * * *
The 12-headed hydra closely misses you.
You block the 12-headed hydra's attack. x2
The 12-headed hydra misses you. The 12-headed hydra bites you.
* * * LOW HITPOINT WARNING * * *
The 12-headed hydra bites you!
* * * LOW HITPOINT WARNING * * *
You block the 12-headed hydra's attack.
You take 41 damage, and have 16/161 hp.
MASSIVE DAMAGE!!
You now have 20/24 mp.
Press: ? - help, Shift-Dir - straight line, f/p - 12-headed hydra
Aim: a 12-headed hydra (heavily wounded, chance to defeat MR: 61%)
The 12-headed hydra resists with significant effort.
You feel somewhat more hungry. You block the 12-headed hydra's attack.
The 12-headed hydra bites you!
* * * LOW HITPOINT WARNING * * *
The 12-headed hydra bites you!
You die...

♣♣ ♣♣♣ ♣♣♣♣♣♣
♣♣.♣♣♣♣≈♣♣♣≈..♣.♣♣
♣♣≈≈≈.♣≈≈.♣.≈..≈.≈.
♣...≈≈.§≈≈.≈≈.≈≈.≈.
...P.............%≈
♣PP....≈P≈....≈..
♣P.≈♣.≈≈P:......
♣♣.♣.≈≈..§....♣♣ ♣♣♣♣
♣♣≈♣≈@D.≈♣≈§...$.
♣≈≈♣≈♣♣♣♣♣♣♣.P.....♣.♣♣.♣♣♣.
.!≈§≈.≈.....≈P♣≈♣♣.♣♣♣ ...
≈...≈...≈≈..PP..♣♣♣♣ ?≈P
≈......≈≈≈≈§♣≈!.♣ D..
♣≈....≈≈≈...♣♣♣♣♣


PP. ......≈≈≈.♣♣♣♣♣♣♣♣♣♣ .........≈♣ ♣≈.♣♣.♣♣♣ ♣♣♣ ..≈≈≈≈.≈♣♣♣ ♣♣...≈.≈≈♣ ♣≈♣
You could see a 12-headed hydra.

Vanquished Creatures
  Rupert (D:13)
  Frances (Swamp:1)
  A thorn hunter (Swamp:1)
  Agnes (D:15)
  A fire giant (D:15)
  Louise (D:14)
  3 fire dragons
  Josephine (Lair:6)
  3 vault guards (D:12)
  A death knight (D:13)
  6 hydras
  4 centaur warriors
  2 catoblepae
  3 ogre magi
  A tengu warrior (D:14)
  7 death yaks
  10 two-headed ogres
  3 alligators (Swamp:1)
  Nergalle (Orc:2)
  3 skeletal warriors (D:14)
  5 unseen horrors
  2 lindwurms (Lair:6)
  2 orc knights
  8 orc sorcerers
  3 deep elf magi
  5 manticores
  4 cyclopes
  2 ugly things (D:12)
  13 elephants
  8 torpor snails
  2 black mambas
  5 centaur zombies
  17 spiny frogs
  4 rime drakes
  3 komodo dragons
  2 efreet (D:13)
  2 kobold demonologists
  A tengu conjurer (D:14)
  A polar bear (Lair:3)
  7 trolls
  6 tyrant leeches
  5 hornets
  45 blink frogs
  5 slime creatures (D:12)
  3 bog bodies (Swamp:1)
  11 hippogriffs
  15 dream sheep
  A centaur simulacrum (D:14)
  5 shadows
  8 wraiths
  36 yaks
  A wyvern (Lair:4)
  9 humans
  6 vampire mosquitoes (Swamp:1)
  5 basilisks
  Grum (D:9)
  2 hungry ghosts (D:8)
  4 swamp worms (Swamp:1)
  An acid dragon (D:13)
  A soldier ant (D:10)
  Duvessa (D:6)
  10 water moccasins
  5 porcupines
  4 ice beasts
  21 orc warriors
  3 phantoms
  2 eyes of draining
  3 sky beasts
  2 necrophages
  24 centaurs
  13 ogres
  16 wolves
  15 crocodiles
  19 bullfrogs
  8 big kobolds
  9 jellies
  A wyvern skeleton (D:14)
  Dowan (D:6)
  8 scorpions
  11 wights
  20 killer bees
  4 howler monkeys
  2 electric eels (Lair:1)
  6 crimson imps
  A bullfrog zombie (D:7)
  2 quasits
  Crazy Yiuf (D:5)
  5 centaur skeletons
  5 hounds
  2 bullfrog skeletons
  16 orc priests
  40 orc wizards
  Natasha (twice) (D:2)
  Terence (D:2)
  5 hell rats
  4 iguanas
  Ijyb (D:4)
  19 worker ants
  A killer bee zombie (D:6)
  2 hound skeletons
  A worker ant zombie (D:8)
  15 adders
  7 gnolls
  3 shadow imps
  8 oozes
  An adder zombie (D:10)
  2 adder skeletons
  2 worms
  A dart slug (D:4)
  5 leopard geckos
  95 orcs
  6 bats
  6 giant cockroaches
  4 goblins
  8 hobgoblins
  12 jackals
  42 kobolds
  3 quokkas
  A ball python (D:1)
  2 frilled lizards
  A leopard gecko zombie (D:9)
  A quokka skeleton (D:7)
  7 rats
  A briar patch (Swamp:1)
  A plant (Lair:6)
870 creatures vanquished.

Vanquished Creatures (others)
  5 hydras
  A swamp dragon (Swamp:1)
  A hornet (Lair:6)
  An orc wizard (Orc:2)
  22 fungi
  28 plants
58 creatures vanquished.

Grand Total: 928 creatures vanquished

Notes
Turn   | Place    | Note
-------+----------+-------------------------------------------
     0 | Abyss:1  | Monsterracer the Troll Abyssal Knight began the quest for
                  | the Orb.
     0 | Abyss:1  | Reached XP level 1. HP: 22/22 MP: 1/1
   176 | Abyss:1  | Noticed a smoke demon
   177 | D:1      | Escaped the Abyss
   243 | D:1      | Reached XP level 2. HP: 29/29 MP: 2/2
   363 | D:1      | Reached * piety under Lugonu
   627 | D:2      | Found a sparkling altar of Nemelex Xobeh.
   651 | D:2      | Reached XP level 3. HP: 28/36 MP: 3/3
   674 | D:2      | Noticed Terence
   687 | D:2      | Killed Terence
   687 | D:2      | Reached skill level 3 in Unarmed Combat
   687 | D:2      | Reached XP level 4. HP: 31/44 MP: 4/4
   971 | D:2      | Noticed Natasha
   977 | D:2      | Killed Natasha
   977 | D:2      | Reached XP level 5. HP: 44/53 MP: 5/5
  1040 | D:2      | Found a white marble altar of Elyvilon.
  1046 | D:2      | Found a glowing silver altar of Zin.
  1046 | D:2      | Found an ancient bone altar of Kikubaaqudgha.
  1048 | D:2      | Found a sacrificial altar of Ru.
  1049 | D:2      | Found a glowing golden altar of the Shining One.
  1242 | D:2      | Reached ** piety under Lugonu
  1272 | D:2      | Noticed Natasha
  1286 | D:2      | Killed Natasha
  1579 | D:3      | Reached skill level 4 in Unarmed Combat
  1660 | D:3      | Reached XP level 6. HP: 40/61 MP: 7/7
  2235 | D:4      | Found Helines's Armour Boutique.
  2248 | D:4      | Bought a +0 cloak of magic resistance for 149 gold pieces
  2389 | D:4      | Found a snail-covered altar of Cheibriados.
  2406 | D:4      | Found a staircase to the Ecumenical Temple.
  2423 | D:4      | Found a shattered altar of Ashenzari.
  2482 | D:4      | Reached *** piety under Lugonu
  2556 | D:4      | Noticed Ijyb
  2572 | D:4      | Killed Ijyb
  2572 | D:4      | Reached skill level 5 in Unarmed Combat
  2572 | D:4      | Reached XP level 7. HP: 67/67 MP: 8/8
  2624 | D:4      | Identified the +5 chain mail "Siucsall" {Slay+3}
  3000 | D:5      | Entered Level 5 of the Dungeon
  3247 | D:5      | Found Sead Woil's Antique Armour Emporium.
  3277 | D:5      | Found a sacrificial altar of Ru.
  3392 | D:5      | Found a runed translucent door.
  3393 | D:5      | Noticed Crazy Yiuf
  3532 | D:5      | Killed Crazy Yiuf
  3635 | D:6      | Noticed Duvessa
  3648 | D:6      | Killed Duvessa
  3659 | D:6      | Noticed Dowan
  3669 | D:6      | Killed Dowan
  3699 | D:6      | Reached skill level 6 in Unarmed Combat
  3798 | D:6      | Reached XP level 8. HP: 77/78 MP: 10/10
  3902 | D:6      | Reached **** piety under Lugonu
  4241 | D:5      | Bought a shield for 112 gold pieces
  4455 | D:7      | Reached skill level 1 in Shields
  4455 | D:7      | HP: 39/79 [poisoned by a killer bee]
  4460 | D:7      | HP: 33/79 [poisoned by a killer bee]
  4465 | D:7      | HP: 24/79 [poisoned by a killer bee]
  4470 | D:7      | Reached skill level 7 in Unarmed Combat
  4470 | D:7      | HP: 23/79 [poisoned by a killer bee]
  4475 | D:7      | HP: 23/79 [poisoned by a killer bee]
  4480 | D:7      | HP: 24/79 [poisoned by a killer bee]
  4488 | D:7      | HP: 25/79 [poisoned by a killer bee]
  4496 | D:7      | HP: 28/79 [poisoned by a killer bee]
  4691 | D:7      | Found a shadowy altar of Dithmenos.
  4727 | D:7      | Noticed a hornet
  4740 | D:7      | Killed a hornet
  4740 | D:7      | Reached XP level 9. HP: 54/87 MP: 11/11
  4918 | D:7      | Reached skill level 5 in Fighting
  5153 | D:7      | Reached skill level 5 in Invocations
  5160 | D:7      | Killed an unseen horror
  5160 | D:7      | Reached skill level 5 in Dodging
  5160 | D:7      | Reached skill level 8 in Unarmed Combat
  5181 | D:7      | HP: 29/88 [something (20)]
  5201 | D:7      | Got a dazzling long sword
  5285 | D:7      | Got a twisted shield
  5686 | D:8      | Reached ***** piety under Lugonu
  5791 | D:8      | Found an iron altar of Okawaru.
  5792 | D:8      | Found a radiant altar of Vehumet.
  5849 | D:8      | Reached skill level 9 in Unarmed Combat
  5849 | D:8      | Reached XP level 10. HP: 98/98 MP: 13/13
  5865 | D:8      | Identified the +1 shield of the Engineer {-Cast Str+7
                  | Stlth+} (You found it on level 7 of the Dungeon)
  6092 | D:8      | Identified the +5 ring mail "Kiecea" {+Fly Regen+ Int+4
                  | Dex+2}
  6423 | D:9      | Noticed a two-headed ogre
  6437 | D:9      | HP: 36/98 [two-headed ogre/cursed +0 dire flail (16)]
  6739 | D:9      | Found a shadowy altar of Dithmenos.
  7067 | D:9      | Got an ancient hat
  7081 | D:9      | Identified the +1 hat of the Carpenter {Regen+ Str+4} (You
                  | found it on level 9 of the Dungeon)
  7290 | D:9      | Noticed Grum
  7311 | D:9      | HP: 49/98 [Grum/-1 spear (11)]
  7316 | D:9      | Killed Grum
  7573 | D:9      | Found a staircase to the Lair.
  7721 | D:9      | Killed a two-headed ogre
  7721 | D:9      | Reached skill level 10 in Unarmed Combat
  7834 | D:10     | Entered Level 10 of the Dungeon
  7838 | D:10     | Noticed a two-headed ogre
  7839 | D:10     | Noticed a two-headed ogre
  7852 | D:9      | Killed a two-headed ogre
  7852 | D:9      | Reached XP level 11. HP: 72/107 MP: 15/15
  7905 | Lair:1   | Entered Level 1 of the Lair of Beasts
  8075 | Lair:1   | HP: 44/107 [blink frog (14)]
  8084 | Lair:1   | HP: 44/107 [blink frog (8)]
  8323 | Lair:1   | Reached skill level 5 in Shields
  8441 | Lair:1   | Reached ****** piety under Lugonu
  8800 | Lair:1   | Reached skill level 11 in Unarmed Combat
  9414 | Lair:2   | Noticed a six-headed hydra
  9415 | Lair:2   | You fall through a shaft!
  9416 | Lair:3   | Noticed an eight-headed hydra
  9497 | Lair:4   | Reached XP level 12. HP: 118/118 MP: 17/17
 10646 | Lair:5   | Noticed a catoblepas
 10661 | Lair:5   | Killed a catoblepas
 10700 | Lair:5   | Reached skill level 12 in Unarmed Combat
 10862 | Lair:5   | Reached skill level 10 in Invocations
 10952 | Lair:5   | Found a staircase to the Slime Pits.
 11751 | Lair:3   | Banished an eight-headed hydra
 11751 | Lair:3   | Reached XP level 13. HP: 127/127 MP: 14/19
 12049 | Lair:1   | HP: 55/127 [death yak (24)]
 12319 | Lair:2   | Found a staircase to the Swamp.
 12815 | Lair:3   | HP: 60/127 [death yak (29)]
 12818 | Lair:3   | Reached skill level 10 in Dodging
 12835 | Lair:3   | HP: 55/127 [blink frog (13)]
 12841 | Lair:3   | HP: 59/127 [blink frog (2)]
 12851 | Lair:2   | HP: 57/127 [blink frog (5)]
 12991 | Lair:3   | Found a hole to the Spider Nest.
 13008 | Lair:3   | HP: 63/127 [poisoned by a spiny frog]
 13696 | Lair:6   | Entered Level 6 of the Lair of Beasts
 13721 | Lair:6   | Reached skill level 13 in Unarmed Combat
 14033 | Lair:6   | HP: 64/128 [crocodile (25)]
 14785 | Lair:6   | Paralysed by a hornet for 1 turns
 14787 | Lair:6   | Noticed Josephine
 14836 | Lair:6   | Reached XP level 14. HP: 137/137 MP: 21/21
 14933 | Lair:6   | Killed Josephine
 15504 | Lair:6   | Found a runed translucent door.
 16036 | D:10     | Reached skill level 14 in Unarmed Combat
 16258 | D:10     | Found Nurokhau's Jewellery Emporium.
 16309 | D:10     | Bought an uncursed ring of poison resistance for 240 gold
                  | pieces
 16455 | D:10     | Found a transporter.
 16834 | D:10     | Bought an uncursed ring of protection from cold for 300
                  | gold pieces
 16855 | D:10     | Found a roughly hewn altar of Beogh.
 16855 | D:10     | Found a transporter.
 16909 | D:10     | HP: 67/140 [two-headed ogre/+0 giant club (22)]
 16918 | D:10     | HP: 58/140 [orc priest/divine providence (8)]
 16923 | D:10     | HP: 54/140 [ogre mage/bolt of poison (10)]
 17019 | D:10     | HP: 69/140 [orc wizard/puff of frost (6)]
 17035 | D:10     | HP: 68/140 [orc wizard/+0 dagger (2)]
 17276 | D:11     | Noticed Sonja
 17278 | D:11     | Banished Sonja
 17415 | D:11     | Found a glowing silver altar of Zin.
 17415 | D:11     | Noticed an angel
 17417 | D:11     | Found Buprumun's Hallowed Reliquary.
 17567 | D:11     | Found a staircase to the Orcish Mines.
 17617 | Orc:1    | Entered Level 1 of the Orcish Mines
 18011 | Orc:1    | Found a roughly hewn altar of Beogh.
 18211 | Orc:2    | Entered Level 2 of the Orcish Mines
 18342 | Orc:2    | Found a roughly hewn altar of Beogh.
 18587 | Orc:2    | Found a staircase to the Elven Halls.
 18919 | Orc:2    | Paralysed by an orc sorcerer for 6 turns
 18929 | Orc:2    | Found Isyecwa's Magic Scroll Shop.
 18997 | Orc:2    | Found an ancient bone altar of Kikubaaqudgha.
 18998 | Orc:2    | Noticed Nergalle
 19009 | Orc:2    | Killed Nergalle
 19017 | Orc:2    | Found Dokon's Book Boutique.
 19073 | Orc:2    | Found a radiant altar of Vehumet.
 19147 | Orc:2    | Found Cauheegg's Antique Weapon Boutique.
 19177 | Orc:2    | Found a roughly hewn altar of Beogh.
 19338 | Orc:2    | Paralysed by an orc sorcerer for 2 turns
 19346 | Orc:2    | Found Qisatun's Magic Scroll Boutique.
 19891 | D:12     | Reached XP level 15. HP: 130/148 MP: 23/23
 20027 | D:12     | Found Taucad's Assorted Antiques.
 20603 | D:13     | Noticed Rupert
 20619 | D:12     | Reached skill level 15 in Unarmed Combat
 21150 | D:13     | HP: 59/149 [cyclops/large rock (38)]
 21243 | D:13     | Reached skill level 10 in Fighting
 21263 | D:12     | HP: 66/149 [vault guard/+0 long sword (11)]
 21687 | D:13     | Killed Rupert
 21812 | D:13     | Found a gate to the Vaults.
 22286 | D:14     | Noticed Louise
 22301 | D:14     | Killed Louise
 22723 | D:15     | Entered Level 15 of the Dungeon
 22840 | D:15     | Noticed Agnes
 23063 | D:15     | Killed Agnes
 23084 | D:15     | Reached skill level 16 in Unarmed Combat
 23393 | D:15     | Noticed a fire giant
 23413 | D:15     | Found a blossoming altar of Fedhas.
 23587 | D:15     | Found a staircase to the Depths.
 23715 | D:15     | Reached XP level 16. HP: 151/159 MP: 24/24
 23830 | D:15     | Found a runed translucent door.
 23831 | D:15     | Noticed a tengu reaver
 23838 | D:15     | Noticed a tengu reaver
 24255 | Swamp:1  | Entered Level 1 of the Swamp
 24349 | Swamp:1  | Noticed Frances
 24361 | Swamp:1  | HP: 68/161 [alligator[an alligator] (15)]
 24368 | Swamp:1  | HP: 65/161 [alligator[an alligator] (3)]
 24374 | Swamp:1  | HP: 67/161 [alligator[an alligator] (3)]
 24386 | Swamp:1  | HP: 77/161 [bog body (1)]
 24401 | Swamp:1  | Gained mutation: Your spells are a little easier to cast,
                  | but a little less powerful. [a neqoxec]
 24585 | Swamp:1  | Killed Frances
 24769 | Swamp:1  | HP: 76/161 [12-headed hydra (10)]
 24774 | Swamp:1  | HP: 76/161 [swamp worm/harpoon shot (5)]
 24781 | Swamp:1  | HP: 60/161 [swamp worm (14)]
 24953 | Swamp:1  | HP: 80/161 [eight-headed hydra (2)]
 25227 | Swamp:1  | HP: 74/161 [13-headed hydra (9)]
 25318 | Swamp:1  | Noticed a thorn hunter
 25382 | Swamp:1  | Killed a thorn hunter
 25387 | Swamp:1  | HP: 74/161 [12-headed hydra (16)]
 25388 | Swamp:1  | HP: 34/161 [12-headed hydra (9)]
 25388 | Swamp:1  | HP: 16/161 [12-headed hydra (17)]
 25389 | Swamp:1  | Mangled by a 12-headed hydra

Skill      XL: |  1  2  3  4  5  6  7  8  9 10 11 12 13 14 15 16 |
---------------+-------------------------------------------------+-----
Dodging        | 2 3 4 5 7 8 9 10 11 12 | 12.3
Invocations    | 2 3 4 5 7 8 10 11 12 13 | 13.0
Unarmed Combat | 3 4 5 6 7 9 10 11 12 13 14 16 | 16.6
Fighting       | 3 4 5 6 7 8 9 10 | 10.8
Shields        | 1 3 4 5 6 7 8 9 |  9.0
Throwing       | |  0.4

Action                   |  1- 3 |  4- 6 |  7- 9 | 10-12 | 13-15 | 16-18 || total
-------------------------+-------+-------+-------+-------+-------+-------++-------
Melee: Unarmed           |    65 |   229 |   370 |   725 |  1581 |   137 ||  3107
       Punch             |     1 |     1 |     1 |       |       |       ||     3
Throw: Tomahawk          |       |       |       |     2 |       |       ||     2
Invok: Depart the Abyss  |     1 |       |       |       |       |       ||     1
       Bend Space        |       |       |     1 |       |       |       ||     1
       Banish            |       |       |       |     1 |     9 |     5 ||    15
 Stab: Sleeping          |       |     3 |       |    11 |     9 |       ||    23
       Distracted        |       |       |       |       |     4 |       ||     4
  Eat: Chunk             |    12 |    17 |    40 |    61 |   113 |     9 ||   252
Armor: Robe              |    26 |    74 |   118 |   100 |   264 |    38 ||   620
       Troll leather arm |       |       |       |       |    23 |       ||    23
Dodge: Dodged            |    37 |   117 |   160 |   322 |   779 |   116 ||  1531
Block: Shield            |       |       |   108 |   415 |  1008 |    98 ||  1629

Levels and vault maps discovered:
D:1:      dpeg_arrival_fog, layout_rooms
D:2:      layout_loops_ring, grunt_temple_overflow_open,
          nemelex_xobeh_ov_fountains_minmay, uniq_natasha, uniq_terence
D:3:      layout_loops_ring, lightli_corner_chamber
D:4:      layout_basic, cheibriados_altar_1, temple_doors_ab, serial_shops,
          shop, evilmike_ruin_ashenzari, uniq_ijyb
D:5:      layout_cave_pools, serial_shops, shop, first_ration,
          nicolae_ru_the_path_less_chosen, uniq_crazy_yiuf_cottage
D:6:      layout_basic, uniq_duvessa
D:7:      minmay_the_grid_triangle_9x9_rhombus_thin
          [minmay_the_grid_triangle_9x9_skeleton,
          minmay_the_grid_triangle_9x9_prize_insulated,
          minmay_the_grid_triangle_9x9_zippers_vertical,
          minmay_the_grid_triangle_9x9_pentomino_pain], layout_loops_cross,
          grunt_dithmenos_smoke_and_mirrors
D:8:      layout_gridville, gammafunk_temple_overflow_statue, minmay_manual_mail
D:9:      layout_grid_maze, lair_entry_dummy, basic_altar, uniq_grum
D:10:     gammafunk_beogh_shrine, layout_long_grid, serial_shops,
          kennysheep_mini_moat, hangedman_little_slice_of_home
D:11:     layout_basic, orc_0_dummy, nicolae_good_shop, uniq_sonja
D:12:     layout_cave_pods, serial_shops, nicolae_shop_stone, uniq_nergalle
D:13:     kennysheep_room_grid, layout_cave_pools, ximxim_vaults_locker_room,
          uniq_rupert
D:14:     layout_small_grid, uniq_louise
D:15:     grunt_enter_depths_hoard, layout_basic, fedhas_altar_fruit_tree,
          minmay_hidden_floor, uniq_agnes
Lair:1:   layout_chaotic_city, st_stairs_11, serial_bayou_shore_a,
          serial_bayou_shore_b
Lair:2:   layout_cave_pods, minmay_swamp_entry_worms, serial_bayou_shore_b
Lair:3:   layout_hall_layers, nicolae_spider_entry_non_spiders
Lair:4:   layout_regular_city
Lair:5:   layout_roguey, minmay_slime_entry_oklob_open,
          infiniplex_staircase_pool
Lair:6:   wormcave, layout_misc_corridors, hangedman_lair_in_review,
          uniq_josephine
Swamp:1:  layout_basic_swamp, evilmike_swamp_ruin_house_3, swamp_pool1,
          nicolae_swamp_hydra_murder_den, uniq_frances
Swamp:2:  layout_basic_swamp, evilmike_swamp_ruin_house_2, swamp_pool1
Orc:1:    layout_caves, mines2_david
Orc:2:    kennysheep_orc_mage_school, layout_diamond_mine, basic_altar,
          gauntlet_entry_generic
Abyss:1
